 Dungeon Crawl Stone Soup version 0.23.0 (webtiles) character file.

Game seed: 12498855967073049840

1302 Infinimo the Twirler (level 8, -2/39 HPs)
             Began as a Gargoyle Gladiator on Feb 15, 2019.
             Was a Priest of Ru.
             Killed from afar by a wretched star (23 damage)
             ... with an orb of energy
             ... on level 1 of the Abyss.
             The game lasted 00:12:57 (6296 turns).

Infinimo the Twirler (Gargoyle Gladiator)           Turns: 6296, Time: 00:12:58

Health: -2/39      AC: 22    Str: 20    XL:     8   Next: 57%
Magic:  8/8        EV:  2    Int:  5    God:    Ru [***...]
Gold:   259        SH:  0    Dex: 11    Spells: 7/7 levels left

rFire    + . .     SeeInvis .   a - +1 quarterstaff
rCold    + . .     Gourm    .   (shield currently unavailable)
rNeg     + . .     Faith    .   g - +0 gold dragon scales
rPois    ∞         Spirit   .   c - +0 helmet
rElec    +         Reflect  .   (no cloak)
rCorr    .         Harm     .   m - +0 pair of gloves
MR       .....                  (no boots)
Stlth    ..........             (no amulet)
HPRegen  0.13/turn              (no ring)
MPRegen  0.11/turn              (no ring)

@: no status effects
A: [blurry vision 2], [dopey 2], [frail 2], negative energy resistance 1,
electricity resistance, unbreathing, petrification resistance, rot immunity,
inability to train dodging, unskilled 1, AC +5
a: Draw Out Power, Renounce Religion


You were on level 1 of the Abyss.
You worshipped Ru.
Ru was most pleased with you.
You were hungry.

You visited 1 branch of the dungeon, and saw 6 of its levels.
You visited the Abyss 1 time.

You collected 259 gold pieces.

Inventory:

Hand Weapons
 a - a +1 quarterstaff (weapon)
Missiles
 d - 3 throwing nets (quivered)
Armour
 c - a +0 helmet (worn)
 g - +0 gold dragon scales (worn)
 m - a +0 pair of gloves (worn)
 n - a +0 large shield
Jewellery
 l - an uncursed ring of poison resistance
 s - an uncursed ring of resist corrosion {unknown}
 x - an uncursed amulet of regeneration {unknown}
 y - an uncursed amulet of magic regeneration {unknown}
Wands
 v - a wand of digging (6)
Scrolls
 b - 3 scrolls of amnesia
 h - 2 scrolls of immolation
 i - a scroll of fog
 r - a scroll of remove curse
 u - 2 scrolls of identify
Potions
 e - 2 potions of ambrosia
 j - a potion of brilliance {unknown}
 k - 5 potions of curing
 o - 2 potions of resistance {unknown}
 p - 2 potions of agility {unknown}
 q - 4 potions of flight
 t - a potion of lignification {unknown}
Comestibles
 f - 8 rations
 w - 7 chunks of flesh


   Skills:
 + Level 5.2 Fighting
 * Level 7.0 Staves
 - Level 1.5 Throwing
 + Level 4.6 Armour
 - Level 1.6 Shields


You had 7 spell levels left.
You didn't know any spells.
Your spell library contained the following spells:

 Spells                   Type           Power        Failure   Level  Hunger
 Magic Dart               Conj           #...         100%        1    ##.....
 Blink                    Tloc           N/A          100%        2    ###....
 Call Imp                 Summ           #.......     100%        2    ###....
 Slow                     Hex            #.......     100%        2    ###....
 Conjure Flame            Conj/Fire      #.......     100%        3    ####...
 Mephitic Cloud           Conj/Pois/Air  #.......     100%        3    ####...


Dungeon Overview and Level Annotations

Branches:
Dungeon (6/15)             Temple (0/1) D:5

Altars:
Ashenzari
Elyvilon
Fedhas
Ru
Sif Muna
Wu Jian
Yredelemnul

Shops:
D:5 (

Annotations:
D:5 Prince Ribbit
D:6 Sigmund


Innate Abilities, Weirdness & Mutations

You are resistant to torment.
Your stone body is resilient. (AC +5)
You are immune to poison.
You resist negative energy. (rN+)
You are resistant to electric shocks. (rElec)
You can survive without breathing.
You are immune to petrification.
You are immune to rotting.
You cannot train Dodging skill.
You are somewhat unskilled. (-1 Apt)
[Scrolls take you longer to read.]
[You are very dopey. (Int -4)]
[You are very frail. (-20% HP)]


Message History

The orb of energy explodes!
The wretched star glows turbulently.
The orb of energy hits you.
The orb of energy explodes!
The wretched star pulses with an eldritch light!
You feel stupid. x2
The wretched star glows turbulently.
The orb of energy explodes!
The wretched star glows turbulently.
The wretched star pulses with an eldritch light!
Your vision blurs. x2
The wretched star pulses with an eldritch light!
You feel frail. x2
A smoke demon comes into view.
The smoke demon roars!
Okay, then.
Okay, then.
The wretched star glows turbulently.
The orb of energy hits you!!
Ouch! That really hurt!
You die...

.. # .. #..# . .. ..
..# ...#.....( .#
#..####.#.#....###. ..
#.#...#... . ........#
#...#....###?...##.###
#.....##...#.........#
#....#3..#%..........
#.@..# .#....( ...'
#..##...#.. .. .. #
#....##..*#...._...#
..#.......#....... .#
####....#.#.#.........
...##..#....#.). .#
#...#.##.#........ #
#..... # ###. ......
.## . ...#..*...


You could see a wretched star and a smoke demon.

Vanquished Creatures
  Grinder (D:3)
  A sky beast (D:5)
  A phantom (D:6)
  2 centaurs
  An ogre (D:4)
  2 bullfrogs (D:6)
  A crimson imp (D:5)
  A jelly (D:4)
  2 orc priests (D:4)
  An orc wizard (D:6)
  Ijyb (D:5)
  Natasha (twice) (D:3)
  2 worker ants
  Robin (D:3)
  8 adders
  A howler monkey skeleton (D:6)
  A shadow imp (D:5)
  2 oozes
  An adder skeleton (D:5)
  2 worms
  A dart slug (D:5)
  3 leopard geckos
  12 orcs
  3 giant cockroaches
  13 goblins
  8 hobgoblins
  14 jackals
  6 kobolds
  2 quokkas
  A ball python (D:2)
  4 bats
  6 frilled lizards
  A goblin zombie (D:6)
  A leopard gecko skeleton (D:4)
  A quokka skeleton (D:4)
  A quokka zombie (D:5)
  6 rats
117 creatures vanquished.

Vanquished Creatures (others)
  An ogre (D:5)
  Natasha (D:3)
2 creatures vanquished.

Grand Total: 119 creatures vanquished

Notes
Turn   | Place    | Note
-------+----------+-------------------------------------------
     0 | D:1      | Infinimo the Gargoyle Gladiator began the quest for the
                  | Orb.
     0 | D:1      | Reached XP level 1. HP: 12/12 MP: 1/1
   664 | D:2      | Reached XP level 2. HP: 18/18 MP: 2/2
   763 | D:2      | Reached skill level 1 in Armour
   780 | D:2      | Reached XP level 3. HP: 20/22 MP: 3/3
   866 | D:2      | Found a faded altar of an unknown god.
   884 | D:1      | Reached skill level 1 in Shields
  1193 | D:2      | Reached XP level 4. HP: 27/27 MP: 4/4
  1577 | D:2      | Reached skill level 4 in Staves
  1926 | D:2      | Became a worshipper of Ru the Awakened
  1944 | D:2      | Gained mutation: You are somewhat unskilled. (-1 Apt) [Ru
                  | sacrifice]
  1944 | D:2      | Reduced skill Staves to level 3
  1944 | D:2      | Reached * piety under Ru
  1970 | D:3      | Noticed Robin
  2000 | D:3      | Killed Robin
  2007 | D:3      | Reached XP level 5. HP: 29/32 MP: 5/5
  2198 | D:3      | Noticed Natasha
  2212 | D:3      | Killed Natasha
  2212 | D:3      | Reached skill level 4 in Staves
  2373 | D:3      | Found a deep blue altar of Sif Muna.
  2429 | D:3      | Noticed Natasha
  2443 | D:3      | Killed Natasha
  2450 | D:3      | Noticed Grinder
  2485 | D:3      | Noticed Natasha
  2491 | D:3      | Killed Natasha
  2620 | D:3      | Killed Grinder
  2620 | D:3      | Reached skill level 5 in Staves
  2620 | D:3      | Reached XP level 6. HP: 38/38 MP: 6/6
  2993 | D:4      | Reached XP level 7. HP: 31/42 MP: 7/7
  3331 | D:4      | Found a white marble altar of Elyvilon.
  3411 | D:4      | Found a basalt altar of Yredelemnul.
  3486 | D:4      | Found an ornate altar of the Wu Jian Council.
  3508 | D:4      | Noticed a two-headed ogre
  4138 | D:5      | Entered Level 5 of the Dungeon
  4139 | D:5      | Noticed Ijyb
  4139 | D:5      | Paralysed by Ijyb for 3 turns
  4461 | D:5      | Killed Ijyb
  4649 | D:5      | Found a shattered altar of Ashenzari.
  4758 | D:5      | Found Wyubonlu's Antique Weapon Shoppe.
  4782 | D:5      | Reached skill level 6 in Staves
  4782 | D:5      | Reached XP level 8. HP: 45/48 MP: 8/8
  4949 | D:5      | Noticed Prince Ribbit
  5126 | D:5      | Found a staircase to the Ecumenical Temple.
  5129 | D:5      | Gained mutation: You cannot train Dodging skill. [Ru
                  | sacrifice]
  5129 | D:5      | Reached ** piety under Ru
  5129 | D:5      | Reached *** piety under Ru
  5977 | D:6      | Reached skill level 5 in Fighting
  6020 | D:6      | Found a blossoming altar of Fedhas.
  6190 | D:6      | Reached skill level 7 in Staves
  6226 | D:6      | Noticed Sigmund
  6245 | D:6      | Cast into level 1 of the Abyss (Sigmund)
  6245 | Abyss:1  | Found a corrupted altar of Lugonu.
  6258 | Abyss:1  | Noticed a wretched star
  6290 | Abyss:1  | Noticed a smoke demon
  6296 | Abyss:1  | Killed from afar by a wretched star

Skill      XL: |  1  2  3  4  5  6  7  8 |
---------------+-------------------------+-----
Armour         | 1 2 3 4 |  4.6
Shields        | 1 |  1.6
Staves         | 3 5 6 7 |  7.0
Fighting       | 2 3 4 5 |  5.2
Dodging        | 0 |  0.0
Throwing       | |  1.5

Action                   |  1- 3 |  4- 6 |  7- 9 || total
-------------------------+-------+-------+-------++-------
Melee: Quarterstaff      |    99 |   242 |   301 ||   642
Invok: Sacrifice Skill   |       |     1 |       ||     1
       Sacrifice Nimblen |       |       |     1 ||     1
  Use: Scroll            |     4 |       |     9 ||    13
       Potion            |       |     1 |     1 ||     2
  Eat: Chunk             |     1 |     6 |     7 ||    14
       Ration            |       |       |     1 ||     1
Armor: Gold dragon scale |   114 |   196 |   218 ||   528
       Leather armour    |     3 |       |       ||     3
Dodge: Dodged            |    10 |    33 |    39 ||    82
